 Dungeon Crawl Stone Soup version 0.21.1-1-g345015fe64 (webtiles) character file.

12063 FreshCat the Spear-Bearer (level 11, 0/97 HPs)
             Began as a Minotaur Fighter on Apr 19, 2018.
             Was a High Priest of Okawaru.
             Slain by a bone dragon (16 damage)
             ... on level 3 of the Abyss.
             The game lasted 00:59:03 (12225 turns).

FreshCat the Spear-Bearer (Minotaur Fighter)       Turns: 12225, Time: 00:59:03

Health: 0/97       AC: 19    Str: 29    XL:     11   Next: 57%
Magic:  10/10      EV: 13    Int:  5    God:    Okawaru [*****.]
Gold:   548        SH: 15    Dex: 10    Spells: 10/10 levels left

rFire    + + .     SeeInvis .   a - +1 trident (protect)
rCold    + . .     Gourm    .   c - +2 shield {rF+}
rNeg     . . .     Faith    .   D - +3 ring mail {rF+}
rPois    .         Spirit   .   (helmet restricted)
rElec    .         Reflect  .   (no cloak)
rCorr    +         Harm     .   (no gloves)
MR       .....                  l - +1 pair of boots
Stlth    +.........             (no amulet)
HPRegen  0.26/turn              w - ring of protection from cold
MPRegen  0.12/turn              s - ring of resist corrosion

@: mighty, protection aura, very slightly contaminated
A: retaliatory headbutt, horns 2, mutation resistance 1
a: Heroism, Finesse, Renounce Religion


You were on level 3 of the Abyss.
You worshipped Okawaru.
Okawaru was extremely pleased with you.
You were not hungry.

You visited 4 branches of the dungeon, and saw 14 of its levels.
You visited the Abyss 1 time.

You collected 724 gold pieces.
You spent 176 gold pieces at shops.

Inventory:

Hand Weapons
 a - a +1 trident of protection (weapon)
Missiles
 g - 269 stones
 j - 2 throwing nets
 z - 13 tomahawks (quivered)
Armour
 c - a +2 shield of fire resistance (worn)
 l - a +1 pair of boots (worn)
 t - a +2 leather armour of cold resistance
 D - a +3 ring mail of fire resistance (worn)
Jewellery
 o - an uncursed ring of wizardry
 s - a ring of resist corrosion (right hand)
 w - a ring of protection from cold (left hand)
 G - an uncursed ring of flight
Wands
 u - a wand of iceblast (8)
 v - a wand of disintegration (22)
 x - a wand of enslavement (10)
 A - a wand of paralysis (11)
 B - a wand of digging (14)
 E - a wand of flame (33)
Scrolls
 e - 3 scrolls of teleportation
 p - 4 scrolls of fear
 q - 3 scrolls of amnesia
 r - 2 scrolls of fog
Potions
 d - a potion of might
 h - 2 potions of berserk rage {unknown}
 k - 2 potions of flight {unknown}
 m - a potion of degeneration {unknown}
 n - 2 potions of brilliance {unknown}
 y - a potion of mutation
 C - 2 potions of magic {unknown}
 H - a potion of cancellation {unknown}
 I - a potion of agility {unknown}
Miscellaneous
 b - a fan of gales
 J - a crystal ball of energy
Comestibles
 f - 12 rations


   Skills:
 + Level 9.4 Fighting
 + Level 12.5 Polearms
 + Level 8.7 Armour
 + Level 7.1 Dodging
 + Level 2.0 Stealth
 + Level 11.7 Shields
 + Level 0.1 Invocations


You had 10 spell levels left.
You didn't know any spells.

Dungeon Overview and Level Annotations

Branches:
Dungeon (11/15)            Temple (1/1) D:4            Lair (1/6) D:10
    Orc (1/2) D:10

Altars:
Ashenzari
Cheibriados
Dithmenos
Elyvilon
Fedhas
Gozag
Hepliaklqana
Kikubaaqudgha
Makhleb
Nemelex Xobeh
Okawaru
Qazlal
Ru
Sif Muna
Trog
Uskayaw
Vehumet
Wu Jian
Xom
Yredelemnul
Zin
The Shining One

Shops:
D:6 (!=

Annotations:
D:10 Sonja


Innate Abilities, Weirdness & Mutations

You reflexively headbutt those who attack you in melee.
You have a pair of horns on your head.
You are somewhat resistant to further mutation.


Message History

The bone dragon bites you! You block the bone dragon's attack.
The bone dragon barely misses you.
You block the small abomination's attack.
You hit the bone dragon. You headbutt the bone dragon!
The bone dragon is moderately damaged.
You block the bone dragon's attack. The bone dragon misses you.
You block the bone dragon's attack. The small abomination hits you!
* * * LOW HITPOINT WARNING * * *
You feel mightier all of a sudden.
The small abomination hits you but does no damage.
The bone dragon closely misses you. You furiously retaliate!
You headbutt the bone dragon! The bone dragon barely misses you.
The bone dragon tramples you but does no damage.
You hit the bone dragon but do no damage.
The bone dragon is moderately damaged.
The small abomination hits you but does no damage.
You hit the bone dragon. Your headbutt misses the bone dragon.
The bone dragon is moderately damaged.
The bone dragon bites you!
You die...

#######
#.....# ####
### #.....##
....#...
#.@x..#...#.
. . #..D..#
..#..#.'. .
#.....# #
#..).#. .
#.....#
#.##.### #
######... . .
###ยง
#....#......#
....#......
#....#. ....
. #....'.. ..
.


You could see a bone dragon and a small abomination.

Vanquished Creatures
  Erica (D:9)
  2 two-headed ogres
  Pikel (D:6)
  An ugly thing (D:11)
  A fire giant zombie (Abyss:2)
  2 large abominations
  Joseph (D:7)
  An efreet (Abyss:3)
  A troll (D:10)
  A hornet (D:8)
  Grinder (D:5)
  3 hippogriffs
  Sigmund (D:3)
  4 vampire mosquitoes
  A hungry ghost (D:8)
  2 water moccasins
  5 orc warriors
  4 sky beasts
  A slave (D:6)
  2 black bears (D:7)
  2 ice beasts
  8 ogres
  A necrophage (D:10)
  5 centaurs
  A small abomination (Abyss:3)
  A crocodile (D:10)
  A big kobold (D:9)
  8 bullfrogs
  4 scorpions
  16 killer bees
  8 wights
  A howler monkey (D:5)
  3 crimson imps
  A quasit (Abyss:2)
  5 hounds
  A bullfrog zombie (D:10)
  A centaur skeleton (D:10)
  5 orc priests
  A gnoll shaman (D:9)
  2 jellies
  Jessica (D:2)
  2 iguanas
  6 orc wizards
  7 worker ants
  2 killer bee zombies
  2 hound skeletons
  10 gnolls
  7 adders
  A howler monkey skeleton (D:8)
  5 shadow imps
  2 worms (D:2)
  4 dart slugs
  7 leopard geckos
  43 orcs
  A ball python (D:5)
  5 giant cockroaches
  11 goblins
  10 hobgoblins
  7 jackals
  15 kobolds
  5 quokkas
  16 bats
  8 frilled lizards
  A jackal skeleton (D:6)
  4 jackal zombies
  2 quokka zombies
  4 rats
  A lurking horror (Abyss:2)
300 creatures vanquished.

Vanquished Creatures (others)
  A bullfrog skeleton (D:6)
  An adder (D:6)
2 creatures vanquished.

Grand Total: 302 creatures vanquished

Notes
Turn   | Place    | Note
-------+----------+-------------------------------------------
     0 | D:1      | FreshCat the Minotaur Fighter began the quest for the Orb.
     0 | D:1      | Reached XP level 1. HP: 19/19 MP: 0/0
   308 | D:1      | Reached XP level 2. HP: 27/27 MP: 1/1
   783 | D:1      | Reached XP level 3. HP: 33/33 MP: 2/2
  1039 | D:2      | Reached skill level 3 in Polearms
  1089 | D:2      | Noticed Jessica
  1100 | D:2      | Killed Jessica
  1100 | D:2      | Reached XP level 4. HP: 8/40 MP: 3/3
  1474 | D:3      | Noticed Sigmund
  1908 | D:2      | Found a shadowy altar of Dithmenos.
  2137 | D:3      | Killed Sigmund
  2137 | D:3      | Reached skill level 4 in Polearms
  2137 | D:3      | Reached skill level 5 in Armour
  2137 | D:3      | Reached skill level 1 in Dodging
  2137 | D:3      | Reached XP level 5. HP: 9/47 MP: 4/4
  2513 | D:3      | Reached XP level 6. HP: 41/53 MP: 5/5
  2690 | D:3      | Reached skill level 5 in Polearms
  2690 | D:3      | Reached skill level 5 in Shields
  3650 | D:4      | Found a staircase to the Ecumenical Temple.
  3657 | Temple   | Entered the Ecumenical Temple
  3806 | Temple   | Became a worshipper of Warmaster Okawaru
  3954 | D:5      | Entered Level 5 of the Dungeon
  4023 | D:4      | Found a sparkling altar of Nemelex Xobeh.
  4083 | D:4      | Found an opulent altar of Gozag.
  4330 | D:5      | Reached XP level 7. HP: 50/60 MP: 6/6
  4354 | D:5      | Reached skill level 5 in Fighting
  4915 | D:5      | Found a bloodstained altar of Trog.
  4932 | D:5      | Found a snail-covered altar of Cheibriados.
  4965 | D:5      | Reached skill level 6 in Polearms
  5457 | D:5      | Noticed Grinder
  5457 | D:5      | Paralysed by Grinder for 4 turns
  5464 | D:5      | Paralysed by Grinder for 7 turns
  5481 | D:5      | Killed Grinder
  5481 | D:5      | Reached XP level 8. HP: 23/69 MP: 7/7
  5897 | D:6      | Found Wuotis's Jewellery Emporium.
  5951 | D:6      | Reached * piety under Okawaru
  5952 | D:6      | Found a basalt altar of Yredelemnul.
  6045 | D:6      | Found Imuliq's Distillery.
  6120 | D:6      | Reached skill level 7 in Polearms
  6168 | D:6      | Found Sitappul's Antique Weapon Shop.
  6204 | D:6      | Noticed Pikel
  6228 | D:6      | Killed Pikel
  6228 | D:6      | Reached ** piety under Okawaru
  6228 | D:6      | Reached skill level 8 in Polearms
  6388 | D:6      | Reached skill level 1 in Stealth
  6589 | D:6      | Reached XP level 9. HP: 73/78 MP: 8/8
  6690 | D:6      | Reached *** piety under Okawaru
  6907 | D:6      | Found Juitzoig's Magic Scroll Shoppe.
  7080 | D:6      | Bought 2 potions of mutation for 176 gold pieces
  7080 | D:6      | Gained mutation: You are somewhat resistant to further mutation. [potion of mutation]
  7280 | D:7      | Reached skill level 9 in Polearms
  7478 | D:7      | Reached **** piety under Okawaru
  7618 | D:7      | Noticed Joseph
  7655 | D:7      | Killed Joseph
  7655 | D:7      | Reached skill level 10 in Polearms
  7814 | D:7      | Found a blossoming altar of Fedhas.
  7970 | D:7      | Found a bloodstained altar of Trog.
  7977 | D:7      | Reached XP level 10. HP: 86/86 MP: 9/9
  8097 | D:8      | Reached skill level 5 in Dodging
  8549 | D:8      | Reached ***** piety under Okawaru
  8726 | D:8      | Noticed a two-headed ogre
  8740 | D:8      | Killed a two-headed ogre
  8740 | D:8      | Received a gift from Okawaru
  8740 | D:8      | Reached skill level 11 in Polearms
  8740 | D:8      | Reached skill level 10 in Shields
  8752 | D:8      | Got an ichor-stained double sword {god gift}
  8766 | D:8      | Identified the +6 double sword "Adepyrr" {freeze, +Rage MR- Str+8 Dex+4} (Okawaru gifted it to you on level 8 of the Dungeon)
  9376 | D:10     | Entered Level 10 of the Dungeon
  9385 | D:9      | Found a glowing silver altar of Zin.
  9545 | D:9      | Noticed a two-headed ogre
  9557 | D:9      | Killed a two-headed ogre
  9600 | D:9      | Reached XP level 11. HP: 81/95 MP: 10/10
  9786 | D:9      | Reached skill level 12 in Polearms
  9942 | D:9      | Noticed Erica
  9962 | D:9      | Killed Erica
 10335 | D:10     | Found a staircase to the Lair.
 10348 | Lair:1   | Entered Level 1 of the Lair of Beasts
 10574 | D:10     | Found a staircase to the Orcish Mines.
 10656 | Orc:1    | Entered Level 1 of the Orcish Mines
 10699 | D:10     | Received a gift from Okawaru
 11003 | D:10     | Noticed Sonja
 11099 | D:10     | Paralysed by Sonja for 4 turns
 11281 | D:11     | Noticed a white ugly thing
 11291 | D:11     | Killed a white ugly thing
 11467 | D:10     | Paralysed by Sonja for 5 turns
 11697 | D:10     | Paralysed by Sonja for 7 turns
 11812 | D:10     | Cast into level 2 of the Abyss (Sonja)
 12175 | Abyss:3  | Noticed a bone dragon
 12225 | Abyss:3  | Slain by a bone dragon

Skill      XL: |  1  2  3  4  5  6  7  8  9 10 11 |
---------------+----------------------------------+-----
Shields        | 4 5 6 7 9 10 11 | 11.7
Fighting       | 4 5 6 7 8 9 |  9.4
Armour         | 4 5 6 7 8 |  8.7
Polearms       | 3 4 5 6 8 10 11 12 | 12.5
Dodging        | 1 2 3 4 6 7 |  7.1
Stealth        | 1 2 |  2.0
Invocations    | |  0.1

Action                   |  1- 3 |  4- 6 |  7- 9 | 10-12 || total
-------------------------+-------+-------+-------+-------++-------
Melee: Trident           |    94 |   166 |   365 |   332 ||   957
       Headbutt          |     5 |    22 |    53 |   102 ||   182
       Spear             |       |       |       |   314 ||   314
Invok: Heroism           |       |       |       |     1 ||     1
  Use: Scroll            |     6 |     4 |     2 |     7 ||    19
       Potion            |       |       |     1 |     7 ||     8
 Stab: Sleeping          |       |       |       |     1 ||     1
  Eat: Chunk             |     1 |    10 |    12 |    11 ||    34
       Ration            |       |       |       |     2 ||     2
Armor: Scale mail        |    39 |    44 |   119 |       ||   202
       Ring mail         |       |       |     5 |   122 ||   127
Dodge: Dodged            |    14 |    44 |    90 |   192 ||   340
Block: Shield            |    29 |    77 |   189 |   322 ||   617
